 Dungeon Crawl Stone Soup version 0.27-a0-1219-g958d993ae5 (webtiles) character file.

Game seed: 7345314111517500684

39 Zonian the Conjurer (level 3, -2/24 HPs)
             Began as a Human Conjurer on June 6, 2021.
             Slain by Duvessa
             ... wielding a +0 rapier
              (6 damage)
             ... on level 4 of the Dungeon.
             The game lasted 00:05:07 (4676 turns).

Zonian the Conjurer (Human Conjurer)                Turns: 4676, Time: 00:05:08

Health: -2/24      AC:  4    Str:  7    XL:     3   Next: 70%
Magic:  0/6        EV: 12    Int: 19    God:
Gold:   29         SH:  5    Dex: 11    Spells: 3/6 levels left

rFire    . . .     SeeInvis .   b - +0 short sword
rCold    . . .     Faith    .   (no shield)
rNeg     . . .     Spirit   .   a - +0 robe
rPois    .         Reflect  +   f - +0 helmet
rElec    .         Harm     .   (no cloak)
rCorr    .         Rampage  .   (no gloves)
Will     .....                  g - +0 pair of boots
Stlth    ++........             d - amulet of reflection
HPRegen  0.08/turn              (no ring)
MPRegen  0.10/turn              (no ring)

@: no status effects
A: no striking features
a: no special abilities


You were on level 4 of the Dungeon.
You visited 1 branch of the dungeon, and saw 3 of its levels.

You collected 29 gold pieces.

Inventory:

Hand Weapons
 b - a +0 short sword (weapon)
Missiles
 h - 17 sling bullets
Armour
 a - a +0 robe (worn)
 e - a +0 leather armour
 f - a +0 helmet (worn)
 g - a +0 pair of boots (worn)
Jewellery
 d - an amulet of reflection (around neck)


   Skills:
 + Level 2.2 Dodging
 + Level 2.4 Stealth
 + Level 2.2 Spellcasting
 + Level 4.7 Conjurations


You had 3 spell levels left.
You knew the following spells:

 Your Spells              Type           Power      Damage    Failure   Level
a - Magic Dart            Conj           80%        1d7       2%          1
b - Searing Ray           Conj           40%        3d4       3%          2

Your spell library contained the following spells:

 Spells                   Type           Power      Damage    Failure   Level
 Dazzling Flash           Conj/Hex       22%        N/A       19%         3
 Fulminant Prism          Conj/Hex       5%         3d7       54%         4
 Iskenderun's Mystic Bla  Conj/Tloc      11%        2d4       54%         4


Dungeon Overview and Level Annotations

Branches:
Dungeon (2/15)

Altars:

Annotations:
D:4 Dowan, Duvessa


Message History

Unknown command.
The searing ray hits Duvessa.
Duvessa is moderately wounded.
Unknown command.
The searing ray hits Duvessa but does no damage.
Duvessa is moderately wounded.
Unknown command.
The searing ray hits Duvessa!
Duvessa is heavily wounded.
You finish channeling your searing ray.
Dowan says, "Stay away from my face!"
Unknown command.
Casting: Searing Ray (safe; 3% risk of failure)
Confirm with . or Enter, or press ? or * to list all spells.
Aiming: Magic Dart (safe; 2% risk of failure)
Press: ? - help, Shift-Dir - straight line, f/p - Duvessa
Aim: Duvessa, wielding a +0 rapier and wearing a +0 ring mail (heavily wounded, 100% to hit)
Okay, then.
Casting: Magic Dart (safe; 2% risk of failure)
Confirm with . or Enter, or press ? or * to list all spells.
Aiming: Magic Dart (safe; 2% risk of failure)
Press: ? - help, Shift-Dir - straight line, f/p - Duvessa
Aim: Duvessa, wielding a +0 rapier and wearing a +0 ring mail (heavily wounded, 100% to hit)
The magic dart hits Duvessa.
Duvessa is heavily wounded.
Duvessa hits you with a +0 rapier!
You hit Duvessa.
Duvessa is severely wounded.
Duvessa hits you with a +0 rapier.
You hit Duvessa but do no damage.
Duvessa is severely wounded.
Duvessa barely misses you.
You hit Duvessa but do no damage.
Duvessa is severely wounded.
Duvessa hits you with a +0 rapier!
* * * LOW HITPOINT WARNING * * *
You closely miss Duvessa.
Duvessa is severely wounded.
Duvessa hits you with a +0 rapier.
You die...

......#########
..............#
##....#.#####.##
##....#.## #..#
###......# ##.##
.....#.#.# #..#
....#..#..#
##.##
......###..#
#..# ##...##
#..# ##@# #..##
#..# #e# #..#+
#..##e. ..##
#...#.# ## . .#
.. ## ##


You could see Duvessa and Dowan.

Vanquished Creatures
  7 ball pythons
  4 bats (D:1)
  4 endoplasms
  A giant cockroach (D:2)
  2 goblins
  4 hobgoblins
  2 jackals (D:1)
  2 kobolds (D:1)
  2 quokkas (D:1)
  2 frilled lizards (D:1)
  3 rats (D:1)
33 creatures vanquished.

Notes
Turn   | Place    | Note
-------+----------+-------------------------------------------
     0 | D:1      | Zonian the Human Conjurer began the quest for the Orb.
     0 | D:1      | Reached XP level 1. HP: 13/13 MP: 3/3
   546 | D:1      | Reached XP level 2. HP: 19/19 MP: 1/5
  1888 | D:1      | Reached XP level 3. HP: 24/24 MP: 4/6
  1891 | D:1      | Learned a level 2 spell: Searing Ray
  4591 | D:2      | You fall into a shaft and drop 2 floors!
  4667 | D:4      | Noticed Dowan
  4668 | D:4      | Noticed Duvessa
  4676 | D:4      | Slain by Duvessa

Illustrated notes

Levels and vault maps discovered:
D:1:      dpeg_arrival_tiny_j, layout_basic, hex_intersection
D:2:      layout_basic, st_stairs_10, hangedman_decor_growths,
          lemuel_another_geyser
D:4:      layout_cave_pools, tso_metal_star, kiku_gazebo_pond_becter,
          kennysheep_mini_moat, overflow_temple_1_default,
          cheibrodos_sewer_entry_bend, uniq_duvessa

Action                   || total
-------------------------++-------
Melee: Unarmed           ||    10
       Short sword       ||     8
 Cast: Magic Dart        ||    59
       Searing Ray       ||     1
  Use: Scroll            ||     1
 Stab: Sleeping          ||     1
Armor: Robe              ||     6
Dodge: Dodged            ||    17
Block: Other             ||     1

Table legend: (Time is in decaauts)
 A = Elapsed time spent in this place.
 B = Non-inter-level travel time spent in this place.
 C = Inter-level travel time spent in this place.
 D = Time resting spent in this place.
 E = Time spent auto-exploring this place.
 F = Levels seen in this place.
 G = Mean time per level.
                   A        B        C        D        E       F      G
               +--------+--------+--------+--------+--------+-----+--------+
         Total |   4675 |   4632 |     43 |   3006 |   1108 |   3 | 1558.3 |
       Dungeon |   4675 |   4632 |     43 |   3006 |   1108 |   3 | 1558.3 |
               +--------+--------+--------+--------+--------+-----+--------+

Top non-repeatable levels by time:
     D:1: 3316 daAuts
     D:2: 1273 daAuts
     D:4: 85 daAuts
